General information
			
			
        
        - name: BNet
 
        - type: Ladder team game (AT/RT)
 
        - host: Battle.net
 
        - saver: GoToYurup
 
        
map: Cherryville 
        - players: 8
 
        - length: 55:07
 
        - speed: Fast
 - version: 1.22 W3XP
 - replay type:  Public
 
» download(404 KB)
Players
        team 1 (loser) 
              
              
» 
faNatix.Nc (
teal | 79 APM | 4326 actions | 55:03)
              
 6 Archmage 
 2 Summon Water Elemental
 3 Brilliance Aura
 1 Blizzard
 3 Mountain King 
 1 Storm Bolt
 2 Thunder Clap
 1 Paladin 
 1 Holy Light
 
                » actions 
                
                | Assign group hotkey | 91 |  | 
| Basic commands | 21 |  | 
| Build / train | 169 |  | 
| Enter build submenu | 35 |  | 
| Enter hero's abilities submenu | 9 |  | 
| Give item / drop item | 7 |  | 
| Remove unit from queue | 30 |  | 
| Right click | 2449 |  | 
| Select / deselect | 652 |  | 
| Select group hotkey | 665 |  | 
| Use ability | 198 |  | 
                4326 total
 » units 
                
                | Peasant | 24 |  | 
| Footman | 9 |  | 
| Rifleman | 1 |  | 
| Dragonhawk Rider | 21 |  | 
| Goblin Shredder | 1 |  | 
| Goblin Zeppelin | 2 |  | 
| Gryphon Rider | 7 |  | 
| Siege Engine | -7 |  | 
| Mortar Team | 10 |  | 
| Sorceress | 10 |  | 
                78 total
 » upgrades
                
                | Lumber Harvesting | 2 |  | 
| Swords | 3 |  | 
| Armor | 3 |  | 
| Storm Hammers | 1 |  | 
| Cloud | 1 |  | 
| Fragmentation Shards | 1 |  | 
| Flare | 1 |  | 
| Sorceress Training | 1 |  | 
| Barrage | 1 |  | 
                14 total
 » buildings
                
                | Altar of Kings | 1 |  | 
| Barracks | 1 |  | 
| Farm | 13 |  | 
| Scout Tower | 13 |  | 
| Arcane Tower | 3 |  | 
| Arcane Vault | 1 |  | 
| Lumber Mill | 2 |  | 
| Town Hall | 1 |  | 
| Blacksmith | 1 |  | 
| Keep | 3 |  | 
| Guard Tower | 7 |  | 
| Gryphon Aviary | 2 |  | 
| Castle | 3 |  | 
| Arcane Sanctum | 1 |  | 
                52 total
 » build order
                00:06 Altar of Kings
00:20 Barracks
00:30 Farm
00:51 Farm
01:46 Scout Tower
01:58 Farm
02:15 Arcane Tower
02:32 Farm
03:50 Arcane Vault
04:12 Farm
04:43 Lumber Mill
04:47 Town Hall
05:50 Blacksmith
06:03 Farm
06:04 Farm
06:14 Scout Tower
06:15 Scout Tower
06:18 Scout Tower
07:03 Keep
07:03 Keep
07:16 Guard Tower
07:22 Guard Tower
07:22 Guard Tower
07:52 Arcane Tower
07:56 Scout Tower
07:57 Scout Tower
07:59 Scout Tower
08:05 Scout Tower
08:07 Farm
08:32 Arcane Tower
08:34 Guard Tower
08:49 Guard Tower
08:50 Guard Tower
09:55 Gryphon Aviary
10:46 Gryphon Aviary
11:21 Scout Tower
11:23 Scout Tower
11:27 Scout Tower
11:30 Farm
11:34 Farm
11:41 Castle
11:41 Castle
11:46 Farm
12:08 Lumber Mill
13:03 Farm
14:16 Farm
16:13 Guard Tower
32:10 Arcane Sanctum
47:25 Scout Tower
47:32 Scout Tower
» items
                
                | Lesser Clarity Potion | 1 |  | 
| Scroll of Regeneration | 2 |  | 
| Dust of Appearance | 1 |  | 
| Scroll of Healing | 2 |  | 
| Potion of Lesser Invulnerability | 1 |  | 
| Tome of Retraining | 1 |  | 
| Potion of Healing | 3 |  | 
| Orb of Fire | 1 |  | 
| Scroll of Town Portal | 1 |  | 
                13 total
  
               
              
              
imbaqueen (
yellow | 66 APM | 2421 actions | 36:53)
              
 2 Far Seer 
 1 Feral Spirit
 1 Chain Lighting
 
                » actions 
                
                | Assign group hotkey | 47 |  | 
| Basic commands | 4 |  | 
| Build / train | 88 |  | 
| Enter build submenu | 17 |  | 
| Enter hero's abilities submenu | 2 |  | 
| Give item / drop item | 2 |  | 
| Remove unit from queue | 6 |  | 
| Right click | 1201 |  | 
| Select / deselect | 581 |  | 
| Select group hotkey | 426 |  | 
| Use ability | 47 |  | 
                2421 total
 » units 
                
                | Peon | 13 |  | 
| Grunt | 8 |  | 
| Wind Rider | 23 |  | 
| Demolisher | 12 |  | 
                56 total
 » upgrades
                
                | Ranged Weapons | 3 |  | 
| Armor | 3 |  | 
| Envenomed Spears | 1 |  | 
| Pillage | 1 |  | 
| Burning Oil | 1 |  | 
                9 total
 » buildings
                
                | Orc Burrow | 8 |  | 
| Altar of Storms | 1 |  | 
| Barracks | 1 |  | 
| Voodoo Lounge | 1 |  | 
| Great Hall | 2 |  | 
| War Mill | 1 |  | 
| Stronghold | 1 |  | 
| Beastiary | 2 |  | 
| Fortress | 1 |  | 
                18 total
 » build order
                00:06 Orc Burrow
00:15 Altar of Storms
00:29 Barracks
01:43 Orc Burrow
04:31 Orc Burrow
05:28 Voodoo Lounge
05:36 Great Hall
06:24 Great Hall
06:53 War Mill
07:22 Stronghold
09:55 Beastiary
10:00 Beastiary
10:32 Fortress
12:52 Orc Burrow
12:54 Orc Burrow
16:43 Orc Burrow
20:05 Orc Burrow
20:08 Orc Burrow
» items
                
                | Healing Salve | 1 |  | 
| Boots of Speed | 1 |  | 
| Tiny Great Hall | 2 |  | 
| Scroll of Healing | 2 |  | 
| Scroll of Protection | 2 |  | 
| Potion of Lesser Invulnerability | 1 |  | 
| Orb of Lightning | 1 |  | 
| Scroll of Speed | 1 |  | 
                11 total
  
               
              
              
» 
Mexican. (
pink | 140 APM | 3422 actions | 24:22)
              
 6 Archmage 
 2 Summon Water Elemental
 3 Brilliance Aura
 1 Blizzard
 1 Mountain King 
 1 Storm Bolt
 
                » actions 
                
                | Assign group hotkey | 56 |  | 
| Basic commands | 3 |  | 
| Build / train | 97 |  | 
| ESC pressed | 2 |  | 
| Enter build submenu | 33 |  | 
| Enter hero's abilities submenu | 6 |  | 
| Give item / drop item | 5 |  | 
| Remove unit from queue | 3 |  | 
| Right click | 1037 |  | 
| Select / deselect | 490 |  | 
| Select group hotkey | 1604 |  | 
| Use ability | 86 |  | 
                3422 total
 » units 
                
                | Peasant | 23 |  | 
| Footman | 5 |  | 
| Goblin Zeppelin | 1 |  | 
| Flying Machine | 5 |  | 
| Gryphon Rider | 5 |  | 
| Dragonhawk Rider | 1 |  | 
                40 total
 » upgrades
                
                | Defend | 1 |  | 
| Lumber Harvesting | 2 |  | 
| Flak Cannons | 1 |  | 
| Armor | 3 |  | 
| Animal War Training | 1 |  | 
| Flying Machine Bombs | 1 |  | 
| Cloud | 1 |  | 
| Storm Hammers | 1 |  | 
| Swords | 3 |  | 
                14 total
 » buildings
                
                | Altar of Kings | 2 |  | 
| Barracks | 1 |  | 
| Farm | 14 |  | 
| Town Hall | 1 |  | 
| Lumber Mill | 1 |  | 
| Scout Tower | 5 |  | 
| Arcane Vault | 1 |  | 
| Keep | 2 |  | 
| Guard Tower | 5 |  | 
| Blacksmith | 2 |  | 
| Castle | 2 |  | 
| Workshop | 2 |  | 
| Arcane Tower | 1 |  | 
| Gryphon Aviary | 3 |  | 
                42 total
 » build order
                00:03 Altar of Kings
00:06 Altar of Kings
00:21 Barracks
00:35 Farm
01:16 Farm
02:25 Farm
03:10 Town Hall
03:19 Lumber Mill
03:43 Scout Tower
04:40 Arcane Vault
05:20 Keep
06:30 Guard Tower
07:39 Blacksmith
07:43 Castle
07:44 Castle
08:13 Farm
08:16 Farm
09:06 Scout Tower
09:08 Scout Tower
09:39 Workshop
09:41 Workshop
09:52 Guard Tower
09:54 Arcane Tower
10:05 Gryphon Aviary
10:56 Farm
12:37 Gryphon Aviary
12:39 Farm
12:51 Scout Tower
13:20 Blacksmith
14:03 Guard Tower
14:06 Farm
14:12 Gryphon Aviary
15:34 Farm
15:36 Farm
16:07 Scout Tower
16:47 Farm
16:54 Farm
16:55 Farm
17:17 Guard Tower
22:41 Farm
» items
                
                | Scroll of Regeneration | 3 |  | 
| Lesser Clarity Potion | 1 |  | 
| Potion of Healing | 2 |  | 
| Scroll of Town Portal | 1 |  | 
| Scroll of Healing | 2 |  | 
| Potion of Lesser Invulnerability | 1 |  | 
| Scroll of Protection | 2 |  | 
| Tome of Retraining | 1 |  | 
                13 total
  
               
              
              
» 
shadY_ (
blue | 63 APM | 3489 actions | 55:03)
              
 6 Demon Hunter 
 3 Mana Burn
 2 Evasion
 1 Metamorphosis
 
                » actions 
                
                | Assign group hotkey | 35 |  | 
| Basic commands | 9 |  | 
| Build / train | 97 |  | 
| ESC pressed | 17 |  | 
| Enter build submenu | 27 |  | 
| Enter hero's abilities submenu | 7 |  | 
| Give item / drop item | 5 |  | 
| Remove unit from queue | 1 |  | 
| Right click | 1340 |  | 
| Select / deselect | 933 |  | 
| Select group hotkey | 826 |  | 
| Use ability | 192 |  | 
                3489 total
 » units 
                
                | Wisp | 25 |  | 
| Archer | 6 |  | 
| Chimaera | 10 |  | 
| Glaive Thrower | 4 |  | 
                45 total
 » upgrades
                
                | Reinforced Hides | 3 |  | 
| Strength of the Wild | 3 |  | 
| Corrosive Breath | 1 |  | 
| Well Spring | 1 |  | 
| Nature's Blessing | 1 |  | 
| Backpack | 1 |  | 
| Ultravision | 1 |  | 
| Druid of the Talon Training | 2 |  | 
| Improved Bows | 1 |  | 
| Marksmanship | 1 |  | 
| Upgrade Moon Glaive | 1 |  | 
| Sentinel | 1 |  | 
| Vorpal Blades | 2 |  | 
| Mark of the Talon | 1 |  | 
| Hippogryph Taming | 1 |  | 
| Strength of the Moon | 3 |  | 
                24 total
 » buildings
                
                | Altar of Elders | 1 |  | 
| Moon Well | 13 |  | 
| Ancient of War | 2 |  | 
| Tree of Life | 5 |  | 
| Tree of Ages | 1 |  | 
| Hunter's Hall | 1 |  | 
| Tree of Eternity | 1 |  | 
| Ancient of Wind | 1 |  | 
| Ancient of Wonders | 1 |  | 
| Chimaera Roost | 3 |  | 
                29 total
 » build order
                00:02 Altar of Elders
00:17 Moon Well
00:48 Ancient of War
01:26 Moon Well
02:12 Moon Well
03:22 Moon Well
03:54 Tree of Life
04:34 Tree of Ages
05:19 Hunter's Hall
06:56 Tree of Eternity
06:58 Ancient of Wind
07:29 Moon Well
07:29 Moon Well
08:06 Moon Well
08:06 Moon Well
08:31 Ancient of Wonders
09:34 Chimaera Roost
09:35 Chimaera Roost
09:37 Chimaera Roost
30:04 Ancient of War
41:12 Moon Well
41:13 Moon Well
41:15 Moon Well
41:16 Moon Well
41:17 Moon Well
47:07 Tree of Life
47:12 Tree of Life
47:21 Tree of Life
48:08 Tree of Life
» items
                
                | Boots of Speed | 1 |  | 
| Orb of Venom | 2 |  | 
| Staff of Preservation | 1 |  | 
| Scroll of Town Portal | 7 |  | 
| Anti-magic Potion | 1 |  | 
| Moonstone | 2 |  | 
| Potion of Healing | 3 |  | 
| Orb of Lightning | 1 |  | 
                18 total
  
               team 2 (winner) 
              
              
GoToYurup (
red | 88 APM | 4867 actions | 55:07)
              
 9 Blademaster 
 3 Wind Walk
 2 Critical Strike
 1 Bladestorm
 3 Mirror Image
 1 Shadow Hunter 
 1 Hex
 1 Far Seer 
 1 Far Sight
 
                » actions 
                
                | Assign group hotkey | 458 |  | 
| Basic commands | 21 |  | 
| Build / train | 109 |  | 
| Enter build submenu | 19 |  | 
| Enter hero's abilities submenu | 12 |  | 
| Give item / drop item | 13 |  | 
| Remove unit from queue | 9 |  | 
| Right click | 2870 |  | 
| Select / deselect | 556 |  | 
| Select group hotkey | 422 |  | 
| Use ability | 378 |  | 
                4867 total
 » units 
                
                | Peon | 20 |  | 
| Troll Batrider | 36 |  | 
| Shaman | 2 |  | 
| Troll Witch Doctor | 2 |  | 
                60 total
 » upgrades
                
                | Witch Doctor Training | 2 |  | 
| Shaman Training | 2 |  | 
| Liquid Fire | 1 |  | 
| Ranged Weapons | 1 |  | 
                6 total
 » buildings
                
                | Altar of Storms | 1 |  | 
| Orc Burrow | 6 |  | 
| War Mill | 1 |  | 
| Stronghold | 3 |  | 
| Voodoo Lounge | 1 |  | 
| Watch Tower | 3 |  | 
| Fortress | 3 |  | 
| Beastiary | 4 |  | 
                22 total
 » build order
                00:03 Altar of Storms
00:13 Orc Burrow
00:35 War Mill
01:46 Orc Burrow
03:49 Stronghold
03:49 Stronghold
04:06 Voodoo Lounge
04:10 Watch Tower
04:26 Orc Burrow
05:04 Watch Tower
05:45 Watch Tower
06:25 Fortress
06:25 Fortress
06:50 Beastiary
06:59 Beastiary
09:39 Orc Burrow
09:40 Orc Burrow
10:55 Orc Burrow
14:38 Beastiary
14:39 Beastiary
» items
                
                | Boots of Speed | 1 |  | 
| Staff of Teleportation | 1 |  | 
| Healing Salve | 2 |  | 
| Lesser Clarity Potion | 4 |  | 
| Orb of Lightning | 1 |  | 
| Scroll of Town Portal | 1 |  | 
                10 total
  
               
              
              
McCain4Prez (
purple | 97 APM | 726 actions | 07:27)
              
 2 Far Seer 
 1 Feral Spirit
 1 Chain Lighting
 
                » actions 
                
                | Assign group hotkey | 43 |  | 
| Basic commands | 12 |  | 
| Build / train | 26 |  | 
| ESC pressed | 2 |  | 
| Enter build submenu | 16 |  | 
| Enter hero's abilities submenu | 2 |  | 
| Right click | 396 |  | 
| Select / deselect | 85 |  | 
| Select group hotkey | 122 |  | 
| Use ability | 22 |  | 
                726 total
 » units 
                » buildings
                
                | Altar of Storms | 1 |  | 
| Orc Burrow | 2 |  | 
| Voodoo Lounge | 5 |  | 
| Stronghold | 1 |  | 
| Fortress | 1 |  | 
| Spirit Lodge | 2 |  | 
                12 total
 » build order
                00:09 Altar of Storms
00:23 Orc Burrow
01:28 Orc Burrow
01:56 Voodoo Lounge
02:29 Voodoo Lounge
03:59 Stronghold
04:22 Voodoo Lounge
04:28 Voodoo Lounge
06:47 Fortress
07:02 Spirit Lodge
07:08 Spirit Lodge
07:23 Voodoo Lounge
» items
                 
               
              
              
MrGoodmanners (
green | 89 APM | 4883 actions | 55:03)
              
 10 Dark Ranger 
 3 Black Arrow
 3 Silence
 1 Charm
 3 Life Drain
 1 Far Seer 
 1 Far Sight
 
                » actions 
                
                | Assign group hotkey | 606 |  | 
| Basic commands | 74 |  | 
| Build / train | 99 |  | 
| Enter build submenu | 31 |  | 
| Enter hero's abilities submenu | 11 |  | 
| Give item / drop item | 14 |  | 
| Remove unit from queue | 3 |  | 
| Right click | 2058 |  | 
| Select / deselect | 945 |  | 
| Select group hotkey | 596 |  | 
| Use ability | 444 |  | 
                4883 total
 » units 
                » upgrades
                
                | Well Spring | 1 |  | 
| Nature's Blessing | 1 |  | 
| Ultravision | 1 |  | 
| Strength of the Wild | 3 |  | 
| Reinforced Hides | 2 |  | 
| Strength of the Moon | 0 |  | 
| Moon Armor | -1 |  | 
                7 total
 » buildings
                
                | Altar of Elders | 1 |  | 
| Moon Well | 4 |  | 
| Tree of Life | 4 |  | 
| Tree of Ages | 1 |  | 
| Tree of Eternity | 1 |  | 
| Hunter's Hall | 1 |  | 
| Orc Burrow | 2 |  | 
| Altar of Kings | 1 |  | 
| Town Hall | 1 |  | 
| Ancient of Wind | 1 |  | 
| Chimaera Roost | 6 |  | 
                23 total
 » build order
                00:40 Altar of Elders
00:44 Moon Well
02:04 Moon Well
03:52 Tree of Life
05:04 Tree of Life
05:34 Moon Well
07:18 Tree of Ages
07:52 Tree of Life
09:19 Tree of Life
10:15 Tree of Eternity
10:45 Hunter's Hall
18:10 Orc Burrow
18:12 Orc Burrow
33:22 Altar of Kings
34:47 Town Hall
40:30 Moon Well
40:39 Ancient of Wind
42:13 Chimaera Roost
42:14 Chimaera Roost
42:14 Chimaera Roost
42:18 Chimaera Roost
42:44 Chimaera Roost
42:45 Chimaera Roost
» items
                
                | Healing Salve | 4 |  | 
| Lesser Clarity Potion | 3 |  | 
| Staff of Teleportation | 1 |  | 
| Scroll of Town Portal | 2 |  | 
| Staff of Sanctuary | 1 |  | 
| Potion of Mana | 4 |  | 
| Potion of Healing | 2 |  | 
| Scroll of Regeneration | 1 |  | 
| Tome of Retraining | 2 |  | 
                20 total
  
               
              
              
NUTSONYOCHIN.DE (
orange | 45 APM | 2476 actions | 55:03)
              
 5 Pit Lord 
 3 Howl of Terror
 2 Rain of Fire
 1 Shadow Hunter 
 1 Healing Wave
 
                » actions 
                
                | Assign group hotkey | 2 |  | 
| Basic commands | 16 |  | 
| Build / train | 186 |  | 
| ESC pressed | 6 |  | 
| Enter build submenu | 164 |  | 
| Enter hero's abilities submenu | 7 |  | 
| Give item / drop item | 2 |  | 
| Right click | 846 |  | 
| Select / deselect | 504 |  | 
| Select group hotkey | 119 |  | 
| Use ability | 623 |  | 
                2476 total
 » units 
                » upgrades
                
                | Masonry | 3 |  | 
| Lumber Harvesting | 2 |  | 
| Magic Sentry | 1 |  | 
                6 total
 » buildings
                
                | Lumber Mill | 3 |  | 
| Scout Tower | 514 |  | 
| Farm | 4 |  | 
| Arcane Tower | 9 |  | 
| Guard Tower | 139 |  | 
| Keep | 1 |  | 
| Arcane Vault | 4 |  | 
| Arcane Sanctum | 1 |  | 
| Altar of Kings | 1 |  | 
| Castle | 1 |  | 
                677 total
 » build order
                00:24 Lumber Mill
00:47 Scout Tower
00:54 Scout Tower
00:58 Scout Tower
01:02 Scout Tower
01:14 Farm
01:17 Scout Tower
01:19 Arcane Tower
01:22 Arcane Tower
01:23 Scout Tower
01:27 Scout Tower
01:35 Scout Tower
01:36 Arcane Tower
01:39 Arcane Tower
01:46 Scout Tower
01:58 Guard Tower
02:06 Scout Tower
02:13 Guard Tower
02:14 Scout Tower
02:17 Guard Tower
02:19 Scout Tower
02:23 Guard Tower
02:27 Scout Tower
02:30 Scout Tower
02:43 Guard Tower
02:45 Scout Tower
02:53 Scout Tower
02:56 Guard Tower
03:25 Guard Tower
03:26 Scout Tower
03:29 Guard Tower
03:30 Scout Tower
03:32 Scout Tower
03:33 Guard Tower
03:44 Scout Tower
04:09 Scout Tower
04:10 Scout Tower
04:11 Scout Tower
04:14 Guard Tower
04:27 Farm
04:28 Farm
04:30 Guard Tower
04:31 Scout Tower
04:45 Guard Tower
04:46 Scout Tower
04:47 Scout Tower
04:48 Scout Tower
04:50 Guard Tower
04:54 Guard Tower
04:55 Scout Tower
04:59 Scout Tower
05:00 Scout Tower
05:00 Scout Tower
05:03 Scout Tower
05:05 Guard Tower
05:07 Scout Tower
05:23 Scout Tower
05:24 Scout Tower
05:24 Scout Tower
05:25 Scout Tower
05:26 Scout Tower
05:26 Scout Tower
05:27 Scout Tower
05:28 Scout Tower
05:30 Guard Tower
05:31 Scout Tower
05:33 Scout Tower
05:34 Scout Tower
05:39 Guard Tower
05:40 Scout Tower
05:41 Scout Tower
05:41 Scout Tower
05:42 Scout Tower
05:44 Guard Tower
05:54 Keep
06:00 Scout Tower
06:02 Scout Tower
06:04 Scout Tower
06:05 Scout Tower
06:06 Scout Tower
06:06 Scout Tower
06:07 Scout Tower
06:08 Scout Tower
06:09 Scout Tower
06:09 Scout Tower
06:10 Scout Tower
06:11 Scout Tower
06:12 Scout Tower
06:14 Guard Tower
06:18 Scout Tower
06:18 Scout Tower
06:23 Scout Tower
06:25 Scout Tower
06:26 Scout Tower
06:27 Scout Tower
06:28 Scout Tower
06:31 Scout Tower
06:32 Scout Tower
06:33 Scout Tower
06:33 Scout Tower
06:34 Scout Tower
06:36 Scout Tower
06:36 Scout Tower
06:48 Arcane Vault
06:50 Guard Tower
06:56 Scout Tower
06:56 Scout Tower
06:57 Scout Tower
06:58 Scout Tower
07:00 Scout Tower
07:01 Scout Tower
07:02 Scout Tower
07:03 Scout Tower
07:14 Guard Tower
07:27 Guard Tower
07:29 Guard Tower
07:30 Guard Tower
07:34 Scout Tower
07:37 Scout Tower
07:38 Scout Tower
07:39 Scout Tower
07:40 Scout Tower
08:12 Guard Tower
08:21 Guard Tower
08:32 Guard Tower
08:55 Arcane Sanctum
09:05 Farm
09:08 Guard Tower
09:14 Guard Tower
09:23 Scout Tower
09:24 Scout Tower
09:44 Guard Tower
09:47 Guard Tower
09:49 Scout Tower
09:53 Scout Tower
09:55 Arcane Vault
10:11 Lumber Mill
10:18 Guard Tower
10:20 Scout Tower
10:21 Scout Tower
10:21 Scout Tower
10:22 Scout Tower
10:23 Scout Tower
10:29 Guard Tower
10:33 Guard Tower
10:38 Guard Tower
10:43 Altar of Kings
10:59 Guard Tower
11:02 Guard Tower
11:06 Scout Tower
11:06 Scout Tower
11:07 Scout Tower
11:08 Scout Tower
11:10 Scout Tower
11:11 Scout Tower
11:12 Scout Tower
11:13 Scout Tower
11:14 Scout Tower
11:14 Scout Tower
11:22 Scout Tower
11:23 Scout Tower
11:24 Scout Tower
11:25 Scout Tower
11:27 Scout Tower
11:28 Scout Tower
11:29 Scout Tower
11:30 Scout Tower
11:30 Scout Tower
11:31 Scout Tower
11:32 Scout Tower
11:33 Scout Tower
11:34 Scout Tower
11:43 Guard Tower
12:04 Scout Tower
12:06 Scout Tower
12:06 Scout Tower
12:07 Scout Tower
12:08 Scout Tower
12:09 Scout Tower
12:09 Scout Tower
12:10 Scout Tower
12:10 Scout Tower
12:12 Scout Tower
12:14 Scout Tower
12:17 Scout Tower
12:22 Scout Tower
12:23 Scout Tower
12:24 Scout Tower
12:24 Scout Tower
12:26 Scout Tower
12:26 Scout Tower
12:27 Scout Tower
12:28 Scout Tower
12:29 Scout Tower
12:32 Guard Tower
12:39 Guard Tower
12:41 Scout Tower
12:42 Scout Tower
12:42 Scout Tower
12:43 Scout Tower
12:44 Scout Tower
12:45 Scout Tower
12:45 Scout Tower
12:54 Guard Tower
12:58 Scout Tower
13:00 Scout Tower
13:01 Scout Tower
13:02 Scout Tower
13:02 Scout Tower
13:03 Scout Tower
13:03 Scout Tower
13:09 Guard Tower
13:12 Guard Tower
13:20 Guard Tower
13:24 Guard Tower
13:27 Guard Tower
13:31 Guard Tower
13:34 Arcane Tower
13:42 Guard Tower
13:48 Guard Tower
13:52 Guard Tower
14:00 Scout Tower
14:01 Scout Tower
14:02 Scout Tower
14:03 Scout Tower
14:03 Scout Tower
14:05 Scout Tower
14:05 Scout Tower
14:07 Scout Tower
14:07 Scout Tower
14:08 Scout Tower
14:10 Scout Tower
14:12 Scout Tower
14:14 Scout Tower
14:19 Scout Tower
14:21 Scout Tower
14:22 Scout Tower
14:24 Scout Tower
14:25 Scout Tower
14:26 Scout Tower
14:28 Scout Tower
14:29 Scout Tower
14:31 Scout Tower
14:32 Scout Tower
14:33 Scout Tower
14:33 Scout Tower
14:37 Guard Tower
14:44 Arcane Tower
14:45 Guard Tower
14:49 Castle
14:50 Guard Tower
14:52 Guard Tower
15:04 Scout Tower
15:05 Scout Tower
15:05 Scout Tower
15:06 Scout Tower
15:11 Guard Tower
15:19 Guard Tower
15:20 Arcane Tower
15:32 Guard Tower
15:44 Scout Tower
15:45 Scout Tower
15:46 Scout Tower
15:47 Scout Tower
15:48 Scout Tower
15:49 Scout Tower
15:53 Guard Tower
15:56 Guard Tower
15:57 Guard Tower
16:04 Scout Tower
16:06 Scout Tower
16:07 Scout Tower
16:07 Scout Tower
16:10 Scout Tower
16:13 Scout Tower
16:16 Scout Tower
16:16 Scout Tower
16:20 Scout Tower
16:21 Scout Tower
16:22 Scout Tower
16:22 Scout Tower
16:23 Scout Tower
16:23 Scout Tower
16:24 Scout Tower
16:28 Guard Tower
16:37 Arcane Tower
16:42 Scout Tower
16:43 Scout Tower
16:45 Scout Tower
16:45 Scout Tower
16:48 Scout Tower
16:49 Scout Tower
16:50 Scout Tower
16:51 Scout Tower
16:56 Guard Tower
17:01 Guard Tower
17:06 Scout Tower
17:07 Scout Tower
17:07 Scout Tower
17:08 Scout Tower
17:08 Scout Tower
17:09 Scout Tower
17:09 Scout Tower
17:10 Scout Tower
17:10 Scout Tower
17:13 Guard Tower
17:20 Guard Tower
17:28 Guard Tower
17:30 Guard Tower
17:33 Scout Tower
17:33 Scout Tower
17:34 Scout Tower
17:34 Scout Tower
17:36 Scout Tower
17:37 Scout Tower
17:42 Guard Tower
17:47 Arcane Tower
18:02 Scout Tower
18:03 Scout Tower
18:05 Scout Tower
18:09 Scout Tower
18:10 Scout Tower
18:11 Scout Tower
18:12 Scout Tower
18:12 Scout Tower
18:13 Scout Tower
18:14 Scout Tower
18:15 Scout Tower
18:22 Guard Tower
18:26 Guard Tower
18:29 Guard Tower
18:38 Guard Tower
19:11 Guard Tower
19:23 Guard Tower
19:25 Guard Tower
19:28 Guard Tower
19:30 Guard Tower
19:34 Guard Tower
19:50 Guard Tower
20:04 Guard Tower
20:16 Guard Tower
20:21 Guard Tower
20:29 Guard Tower
20:32 Guard Tower
20:39 Guard Tower
20:45 Guard Tower
20:56 Scout Tower
20:58 Scout Tower
20:59 Scout Tower
21:02 Scout Tower
21:04 Scout Tower
21:07 Scout Tower
21:08 Scout Tower
21:09 Scout Tower
21:13 Scout Tower
21:14 Scout Tower
21:16 Scout Tower
21:17 Scout Tower
21:20 Scout Tower
21:22 Scout Tower
21:27 Guard Tower
21:36 Guard Tower
21:40 Guard Tower
21:47 Scout Tower
21:48 Scout Tower
21:49 Scout Tower
21:49 Scout Tower
21:50 Scout Tower
21:51 Scout Tower
21:56 Guard Tower
22:28 Guard Tower
22:39 Scout Tower
22:40 Scout Tower
22:41 Scout Tower
22:42 Scout Tower
22:43 Scout Tower
22:44 Scout Tower
22:45 Scout Tower
22:47 Scout Tower
22:48 Scout Tower
22:49 Scout Tower
22:51 Scout Tower
22:55 Scout Tower
22:58 Scout Tower
22:59 Scout Tower
23:00 Scout Tower
23:01 Scout Tower
23:02 Scout Tower
23:03 Scout Tower
23:04 Arcane Vault
23:12 Guard Tower
23:17 Guard Tower
23:21 Guard Tower
23:24 Scout Tower
23:25 Scout Tower
23:26 Scout Tower
23:27 Scout Tower
23:27 Scout Tower
23:28 Scout Tower
23:29 Scout Tower
24:05 Guard Tower
24:35 Guard Tower
24:42 Scout Tower
24:43 Scout Tower
24:44 Scout Tower
25:03 Guard Tower
25:08 Arcane Vault
25:11 Guard Tower
25:14 Guard Tower
25:24 Scout Tower
25:25 Scout Tower
25:52 Scout Tower
25:53 Scout Tower
25:53 Scout Tower
25:54 Scout Tower
25:55 Scout Tower
25:55 Scout Tower
25:56 Scout Tower
25:56 Scout Tower
25:57 Scout Tower
25:58 Scout Tower
25:59 Scout Tower
25:59 Scout Tower
26:00 Scout Tower
26:04 Guard Tower
26:26 Scout Tower
26:28 Scout Tower
26:29 Scout Tower
26:30 Scout Tower
26:31 Scout Tower
26:32 Scout Tower
26:33 Scout Tower
26:33 Scout Tower
26:36 Scout Tower
26:37 Scout Tower
26:38 Scout Tower
26:38 Scout Tower
26:40 Scout Tower
26:42 Scout Tower
26:45 Guard Tower
26:51 Scout Tower
26:52 Scout Tower
26:53 Scout Tower
26:54 Scout Tower
26:57 Scout Tower
26:59 Scout Tower
27:00 Scout Tower
27:09 Guard Tower
27:14 Scout Tower
27:15 Scout Tower
27:16 Scout Tower
27:16 Scout Tower
27:17 Scout Tower
27:19 Scout Tower
27:19 Scout Tower
27:20 Scout Tower
27:21 Scout Tower
27:22 Scout Tower
27:22 Scout Tower
27:23 Scout Tower
27:23 Scout Tower
27:24 Scout Tower
27:25 Scout Tower
27:26 Scout Tower
27:28 Scout Tower
28:47 Guard Tower
28:50 Guard Tower
29:18 Guard Tower
30:19 Scout Tower
30:26 Guard Tower
30:37 Guard Tower
30:55 Guard Tower
30:57 Scout Tower
30:58 Scout Tower
30:59 Scout Tower
31:56 Guard Tower
32:10 Guard Tower
32:12 Guard Tower
32:14 Guard Tower
32:17 Scout Tower
32:18 Scout Tower
32:19 Scout Tower
32:21 Scout Tower
32:21 Scout Tower
32:23 Scout Tower
32:26 Scout Tower
32:28 Scout Tower
32:30 Scout Tower
32:36 Scout Tower
32:37 Scout Tower
32:38 Scout Tower
32:40 Guard Tower
32:53 Guard Tower
32:56 Scout Tower
32:56 Scout Tower
32:58 Scout Tower
34:14 Guard Tower
34:17 Scout Tower
34:18 Scout Tower
34:19 Scout Tower
34:20 Scout Tower
34:21 Scout Tower
34:26 Scout Tower
34:32 Scout Tower
34:33 Scout Tower
34:34 Scout Tower
34:35 Scout Tower
34:37 Scout Tower
34:39 Scout Tower
34:43 Scout Tower
34:45 Scout Tower
34:50 Guard Tower
34:56 Scout Tower
34:58 Scout Tower
34:59 Scout Tower
35:01 Scout Tower
35:01 Scout Tower
35:02 Scout Tower
35:04 Scout Tower
35:04 Scout Tower
35:05 Scout Tower
35:49 Lumber Mill
35:53 Guard Tower
35:57 Guard Tower
36:07 Scout Tower
36:10 Scout Tower
36:12 Scout Tower
36:13 Scout Tower
36:14 Scout Tower
36:15 Scout Tower
36:16 Scout Tower
36:22 Guard Tower
36:32 Scout Tower
36:33 Scout Tower
36:34 Scout Tower
36:35 Scout Tower
36:37 Scout Tower
36:38 Scout Tower
36:39 Guard Tower
37:16 Guard Tower
37:38 Guard Tower
37:48 Guard Tower
37:50 Guard Tower
37:54 Scout Tower
37:55 Scout Tower
38:03 Scout Tower
38:03 Scout Tower
38:05 Scout Tower
38:05 Scout Tower
38:07 Scout Tower
38:08 Scout Tower
38:10 Scout Tower
38:11 Scout Tower
38:12 Scout Tower
38:12 Scout Tower
38:13 Scout Tower
38:19 Guard Tower
38:31 Guard Tower
38:45 Guard Tower
39:06 Guard Tower
39:13 Guard Tower
39:18 Scout Tower
39:19 Scout Tower
39:19 Scout Tower
39:20 Scout Tower
39:21 Scout Tower
39:22 Scout Tower
39:23 Scout Tower
39:23 Scout Tower
39:24 Scout Tower
39:25 Scout Tower
39:26 Scout Tower
39:27 Scout Tower
39:29 Scout Tower
39:30 Scout Tower
39:31 Scout Tower
39:32 Scout Tower
39:33 Scout Tower
39:34 Scout Tower
39:36 Scout Tower
39:37 Scout Tower
39:39 Scout Tower
39:41 Scout Tower
39:41 Scout Tower
40:01 Guard Tower
40:07 Scout Tower
40:07 Scout Tower
40:08 Scout Tower
40:09 Scout Tower
40:10 Scout Tower
40:12 Scout Tower
40:14 Scout Tower
40:15 Scout Tower
40:16 Scout Tower
40:19 Guard Tower
40:21 Guard Tower
40:37 Scout Tower
40:38 Scout Tower
40:39 Scout Tower
40:39 Scout Tower
40:41 Scout Tower
40:42 Scout Tower
40:43 Scout Tower
40:44 Scout Tower
40:45 Scout Tower
40:46 Scout Tower
40:47 Scout Tower
40:48 Scout Tower
40:49 Scout Tower
40:52 Scout Tower
40:54 Scout Tower
40:54 Scout Tower
40:55 Scout Tower
40:57 Scout Tower
41:03 Guard Tower
41:13 Scout Tower
41:14 Scout Tower
41:15 Scout Tower
41:16 Scout Tower
41:17 Scout Tower
41:18 Scout Tower
41:19 Scout Tower
41:19 Scout Tower
41:20 Scout Tower
41:21 Scout Tower
41:22 Scout Tower
41:23 Scout Tower
41:25 Scout Tower
41:26 Scout Tower
41:27 Scout Tower
41:28 Scout Tower
41:28 Scout Tower
41:29 Scout Tower
41:30 Scout Tower
41:31 Scout Tower
41:32 Scout Tower
41:33 Scout Tower
41:34 Scout Tower
41:35 Scout Tower
41:35 Scout Tower
41:36 Scout Tower
41:37 Scout Tower
41:38 Scout Tower
41:52 Guard Tower
41:56 Scout Tower
41:57 Scout Tower
41:58 Scout Tower
41:59 Scout Tower
41:59 Scout Tower
42:01 Scout Tower
42:01 Scout Tower
42:10 Scout Tower
42:11 Scout Tower
42:13 Scout Tower
42:17 Scout Tower
42:17 Scout Tower
42:18 Scout Tower
42:19 Scout Tower
42:23 Scout Tower
42:24 Scout Tower
42:25 Scout Tower
42:32 Guard Tower
42:37 Guard Tower
42:41 Guard Tower
42:53 Scout Tower
42:54 Scout Tower
42:55 Scout Tower
42:57 Scout Tower
42:58 Scout Tower
43:00 Scout Tower
43:00 Scout Tower
43:04 Scout Tower
43:05 Scout Tower
43:05 Scout Tower
43:06 Scout Tower
47:48 Guard Tower
48:02 Guard Tower
» items
                
                | Boots of Speed | 1 |  | 
| Staff of Teleportation | 1 |  | 
| Orb of Lightning | 1 |  | 
| Healing Salve | 1 |  | 
                4 total
  
                Chat log
          (00:12 / Allies) NUTSONYOCHIN.DE: feed me
(00:13 / Allies) NUTSONYOCHIN.DE: like
(00:15 / Allies) McCain4Prez: tower where
(00:15 / Allies) NUTSONYOCHIN.DE: nutso!!!!
(00:21 / Allies) NUTSONYOCHIN.DE: i got towers
(00:37 / All) Mexican.: ^^
(00:46 / All) McCain4Prez: buenos noches
(00:58 / All) Mexican.: good evening
(01:04 / All) NUTSONYOCHIN.DE: one sec
(01:05 / All) NUTSONYOCHIN.DE: OK
(01:06 / All) McCain4Prez: \
(01:07 / All) shadY_: nah
(02:40 / All) McCain4Prez: here he cums
(02:42 / All) McCain4Prez: here cums speed racer
(02:50 / All) NUTSONYOCHIN.DE: hes a demon on wheels
(02:50 / All) NUTSONYOCHIN.DE: hes a demon and hes gonna be chasin after sum1
(02:51 / Allies) McCain4Prez: good bi
(03:09 / Allies) McCain4Prez: so much lag
(03:10 / All) imbaqueen: hurensohn
(03:25 / All) McCain4Prez: SOZ
(05:34 / All) McCain4Prez: hello
(05:40 / All) faNatix.Nc: hi
(05:55 / Allies) McCain4Prez: crepin
(06:57 / Allies) McCain4Prez: u got bat blinn ? ?
(07:14 / Allies) McCain4Prez: or w/e
(07:19 / Allies) McCain4Prez: im goign lodges ho
(07:23 / All) faNatix.Nc: ..
(07:27 / All) Mexican.: geh dich in po ficken
(08:59 / Allies) NUTSONYOCHIN.DE: gold
(08:59 / Allies) NUTSONYOCHIN.DE: me
(09:32 / Allies) NUTSONYOCHIN.DE: gold
(09:32 / Allies) NUTSONYOCHIN.DE: me
(11:42 / All) Mexican.: rus fucknet ?
(24:22 / All) GoToYurup: hmm.
(25:20 / All) NUTSONYOCHIN.DE: one sec please
(26:17 / All) MrGoodmanners: gg
(29:04 / All) MrGoodmanners: gg LOL!
(29:11 / All) faNatix.Nc: sau stumpf
(30:47 / All) faNatix.Nc: omg
(30:49 / All) imbaqueen: fu lagger
(33:02 / All) NUTSONYOCHIN.DE: dont get siege please.....
(33:11 / All) NUTSONYOCHIN.DE: nein
(33:13 / All) imbaqueen: dont talk please
(34:33 / All) MrGoodmanners: ty for the free chim. v. generous
(34:40 / All) shadY_: no problem mate
(35:00 / All) GoToYurup: where u from... exeter..?
(35:12 / All) NUTSONYOCHIN.DE: texass
(35:56 / All) MrGoodmanners: ty blue. keep em comin
(37:03 / All) MrGoodmanners: ty for free win
(37:03 / All) MrGoodmanners: ty ty
(38:11 / All) MrGoodmanners: WOW!!! A FREE WIN? for ME????
(38:16 / All) MrGoodmanners: Looks like CHRISTMAS CAME EARLY!!
(38:17 / All) GoToYurup: U shudn't have!!
(40:39 / All) faNatix.Nc: fuck off
(40:53 / All) GoToYurup: in some circles
(40:57 / All) GoToYurup: it is considered disrespectful
(41:01 / All) GoToYurup: to not leave when a game is over
(41:04 / All) shadY_: ok
(41:10 / All) NUTSONYOCHIN.DE: the circle............of LIFE!
(48:06 / All) GoToYurup: DairyLea munchables.... toy with them. THEN DESTROY THEM
(49:51 / All) MrGoodmanners: you lose yes noob?
(50:32 / All) MrGoodmanners: HEADSHOT
(50:35 / All) faNatix.Nc: drecks map hacker
(50:39 / All) GoToYurup: ~ELECTRIC CHAIR~
(50:43 / All) faNatix.Nc: can see the treee
(50:46 / All) GoToYurup: Metallica - Ride The Lightning
(50:56 / All) faNatix.Nc: FUCK YOU DAMN GAYS
(51:06 / All) MrGoodmanners: ??? manner up, please.
(51:09 / All) GoToYurup: lol/.... did u ever really think u could win. srsly
(52:45 / All) faNatix.Nc: Cheater
(52:50 / All) MrGoodmanners: bye noobys
(52:58 / All) faNatix.Nc: ^^ nope
(53:18 / All) MrGoodmanners: are you biggest noob? yes
(53:21 / All) faNatix.Nc: nope
(53:34 / All) GoToYurup: dun cry coz u god owned